 Dungeon Crawl Stone Soup version 0.30-b1-2-g02819fbbbe (webtiles) character file.

Game seed: 2762336551958677865

8348 redmage the Summoner (level 11, 0/74 HPs)
             Began as a Meteoran Earth Elementalist on Aug 9, 2023.
             Was a Believer of Cheibriados.
             Slain by a two-headed ogre
             ... wielding a +0 giant spiked club
              (6 damage)
             ... on level 10 of the Dungeon.
             The game lasted 00:45:47 (2935 turns).

redmage the Summoner (Meteoran Earth Elementalist)  Turns: 2935, Time: 00:45:48

Health: 0/74       AC:  7    Str: 14    XL:     11   Next: 83%
Magic:  0/19       EV: 13    Int: 25    God:    Cheibriados [**....]
Gold:   272        SH:  0    Dex: 27    Spells: 7/20 levels left

rFire   . . .        a - +8 hammer of the Candle {heavy, rPois rCorr Int-2 Dex+7}
rCold   . . .        (no shield)
rNeg    . . .        C - +0 troll leather armour
rPois   +            (no helmet)
rElec   .            v - +0 cloak
rCorr   +            E - +0 pair of gloves
SInv    .            y - +0 pair of boots
Will    +....        f - amulet of regeneration
Stlth   +            r - ring of flight
HPRegen 1.92/turn    s - ring of wizardry
MPRegen 0.16/turn

%: wizardry (x1)
@: flying, glowing, very slow
A: sense surroundings 2, otherworldly, glowing, explore regen
a: Renounce Religion, Bend Time


You were on level 10 of the Dungeon.
You worshipped Cheibriados.
Cheibriados was pleased with you.
You visited 2 branches of the dungeon, and saw 12 of its levels.

You collected 363 gold pieces.
You spent 91 gold pieces at shops.

Inventory:

Hand Weapons
 a - the +8 hammer of the Candle (weapon) {heavy, rPois rCorr Int-2 Dex+7}
   (You found it on level 6 of the Dungeon)

   Int:       It affects your intelligence (-2).
   Dex:       It affects your dexterity (+7).
   rPois:     It protects you from poison.
   rCorr:     It protects you from acid and corrosion.
 u - a +6 great sword
Missiles
 p - 2 curare-tipped darts
Armour
 v - a +0 cloak (worn)
 y - a +0 pair of boots (worn)
 C - a +0 troll leather armour (worn)
 E - a +0 pair of gloves (worn)
Magical Staves
 j - a staff of poison
 z - a staff of conjuration
 A - a staff of fire
 D - a staff of air
Jewellery
 f - an amulet of regeneration (around neck)
 r - a ring of flight (left hand)
 s - a ring of wizardry (right hand)
Wands
 d - a wand of flame (14) (quivered)
 q - a wand of digging (5)
 t - a wand of paralysis (4)
 B - a wand of roots (2)
 G - a wand of polymorph (5)
Scrolls
 e - 2 scrolls of poison
 h - 5 scrolls of amnesia
 o - 4 scrolls of teleportation
 x - a scroll of enchant weapon
Potions
 b - a potion of magic
 c - 3 potions of cancellation
 g - 4 potions of lignification
 i - 3 potions of heal wounds
 k - 3 potions of curing
 l - 2 potions of invisibility {unknown}
 m - a potion of berserk rage {unknown}
 n - a potion of resistance {unknown}
 w - 2 potions of attraction {unknown}
 F - a potion of might {unknown}


   Skills:
 - Level 2.4 Dodging
 - Level 1.4 Stealth
 - Level 5.0 Spellcasting
 - Level 12.1 Conjurations
 * Level 13.0 Summonings
 - Level 1.2 Transmutations
 - Level 9.9 Earth Magic


You had 7 spell levels left.
You knew the following spells:

 Your Spells              Type           Power      Damage    Failure   Level
a - Sandblast             Erth           100%       2d20      1%          1
b - Passwall              Tmut/Erth      28%        N/A       1%          2
c - Stone Arrow           Conj/Erth      100%       3d13      1%          3
d - Summon Hydra          Summ           32%        N/A       16%         7

Your spell library contained the following spells:

 Spells                   Type           Power      Damage    Failure   Level
 Magic Dart               Conj           100%       1d8       1%          1
 Searing Ray              Conj           100%       2d8       1%          2
 Fulminant Prism          Conj/Hex       18%        3d11      3%          4
 Wereblood                Tmut           12%        N/A       4%          2
 Petrify                  Tmut/Erth      34%        N/A       4%          4
 Sublimation of Blood     Necr           6%         N/A       6%          2


Dungeon Overview and Level Annotations

Branches:
Dungeon (11/15) Zot: 5591  Temple (1/1) D:7 Zot: 829
   Lair: D:8-11         Orc: D:9-12

Altars:
Cheibriados
Dithmenos
Elyvilon
Nemelex Xobeh
Qazlal
Ru
Uskayaw
Wu Jian
Yredelemnul
The Shining One

Shops:
D:5 *


Innate Abilities, Weirdness & Mutations

You passively map the area around you.
You are easily found by Zot.
You glow in the dark.
You regain HP and MP as you explore.


Message History

Casting: Summon Hydra (quite dangerous; 16% risk of failure)
Confirm with . or Enter, or press ? or * to list all spells.
Aiming: Stone Arrow (safe; 1% risk of failure)
Press: ? - help, Shift-Dir - straight line, f/p - two-headed ogre
Aim: a two-headed ogre, wielding a +0 giant spiked club and a +0 giant club (moderately wounded, 89% to hit)
The stone arrow hits the two-headed ogre!
The two-headed ogre is heavily wounded.
The two-headed ogre hits you but does no damage.
The two-headed ogre hits you with a +0 giant club!
Casting: Stone Arrow (safe; 1% risk of failure)
Confirm with . or Enter, or press ? or * to list all spells.
Aiming: Stone Arrow (safe; 1% risk of failure)
Press: ? - help, Shift-Dir - straight line, f/p - two-headed ogre
Aim: a two-headed ogre, wielding a +0 giant spiked club and a +0 giant club (heavily wounded, 89% to hit)
The stone arrow hits the two-headed ogre!
The two-headed ogre is severely wounded.
Unknown command.
Unknown command.
Aiming: Fastroot
Press: ? - help, Shift-Dir - straight line, f/p - two-headed ogre
Aim: a two-headed ogre, wielding a +0 giant spiked club and a +0 giant club (severely wounded)
The roots erupt in riotous growth!
Roots grab the two-headed ogre.
The grasping roots constrict the two-headed ogre.
You hear a shout!
The orc wizard gestures wildly while chanting.
The orc wizard flickers and vanishes!
Deactivating autopickup; reactivate with Ctrl-A.
The two-headed ogre hits you with a +0 giant spiked club!!
* * * LOW HITPOINT WARNING * * *
The two-headed ogre barely misses you.
Aiming: Fastroot
Press: ? - help, Shift-Dir - straight line, f - you, p - two-headed ogre The roots erupt in riotous growth!
The two-headed ogre is unaffected.
The grasping roots constrict the two-headed ogre.
The roots release their grip on the two-headed ogre.
The two-headed ogre hits you with a +0 giant spiked club!
* * * LOW HITPOINT WARNING * * *
The two-headed ogre hits you with a +0 giant club.
You die...

##.###.###.# #...o..
, #.#...o.#.# #...Y.
, #.#....)#.# ....$
, * #......[..#
###.. * * *
#..#..>..#.## , *
#....#.....#..###
,....##.###.###..).#
###.
#.........#..#####.#
#
....####..@O.†<[...#
##.# #############
##


You could see a two-headed ogre.

Vanquished Creatures
  A two-headed ogre (D:9)
  An ugly thing (D:9)
  The ghost of zielscheibe the Changer, a novice OpTm (D:4)
  A queen bee (D:11)
  A troll (D:9)
  2 hornets
  8 yaks
  A wyvern (D:4)
  2 steam dragons
  2 water moccasins
  3 ice beasts
  4 orc warriors
  A black bear (D:6)
  3 sky beasts
  2 centaurs
  2 ogres (D:5)
  A bullfrog (D:7)
  3 scorpions
  15 wights
  12 killer bees
  2 howler monkeys (D:5)
  4 hounds
  Crazy Yiuf (D:6)
  3 orc priests
  A gnoll bouda (D:4)
  Natasha (thrice) (D:4)
  A sleepcap (D:4)
  5 orc wizards
  4 gnolls
  8 adders
  2 shadow imps
  2 ufetubi
  A dart slug (D:2)
  12 orcs
  3 endoplasms (D:1)
  A giant cockroach (D:3)
  2 hobgoblins
  10 jackals
  4 quokkas
  2 ball pythons
  2 bats (D:1)
  A frilled lizard (D:3)
  10 goblins
  4 kobolds
  5 rats
159 creatures vanquished.

Vanquished Creatures (collateral kills)
  A nameless horror (D:10)
  A wyvern (D:10)
  A wraith (D:10)
  4 yaks (D:10)
  An orc warrior (D:10)
  An orc (D:10)
9 creatures vanquished.

Vanquished Creatures (others)
  A fungus (D:6)
1 creature vanquished.

Grand Total: 169 creatures vanquished

Notes
Turn   | Place    | Note
-------+----------+-------------------------------------------
     0 | D:1      | redmage the Meteoran Earth Elementalist began the quest for
                  | the Orb.
     0 | D:1      | Reached XP level 1. HP: 14/14 MP: 5/5
    76 | D:1      | Reached XP level 2. HP: 20/20 MP: 5/7
    80 | D:1      | Learned a level 2 spell: Passwall
   159 | D:3      | Reached XP level 3. HP: 26/26 MP: 6/8
   164 | D:3      | Learned a level 2 spell: Wereblood
   168 | D:3      | Learned a level 3 spell: Stone Arrow
   215 | D:3      | Reached skill level 1 in Conjurations
   273 | D:4      | Reached XP level 4. HP: 33/33 MP: 6/9
   280 | D:4      | Reached skill level 5 in Earth Magic
   303 | D:5      | Entered Level 5 of the Dungeon
   346 | D:4      | Reached XP level 5. HP: 28/38 MP: 4/10
   348 | D:4      | Found a transporter.
   355 | D:4      | Noticed zielscheibe's ghost (novice OpTm)
   457 | D:4      | Noticed a wyvern
   564 | D:4      | Killed a wyvern
   565 | D:4      | Reached skill level 5 in Conjurations
   565 | D:4      | Reached XP level 6. HP: 45/45 MP: 4/11
   592 | D:4      | Noticed Natasha
   597 | D:4      | Killed Natasha
   610 | D:4      | Noticed Natasha
   614 | D:4      | Killed Natasha
   615 | D:4      | Reached XP level 7. HP: 47/50 MP: 1/12
   661 | D:5      | Found Pifatoi Oras's CLEARANCE SALE!.
   671 | D:5      | Bought 2 potions of heal wounds for 70 gold pieces
   671 | D:5      | Bought a scroll of teleportation for 21 gold pieces
   713 | D:5      | Reached XP level 8. HP: 57/57 MP: 3/13
  1038 | D:6      | Gained mutation: You passively map the area around you.
                  | [Meteoran growth]
  1038 | D:6      | Reached XP level 9. HP: 52/62 MP: 0/14
  1123 | D:6      | Reached skill level 10 in Conjurations
  1575 | D:8      | Reached XP level 10. HP: 69/69 MP: 7/15
  1786 | D:4      | Learned a level 7 spell: Summon Hydra
  1860 | D:4      | Found a transporter.
  1866 | D:4      | Killed zielscheibe's ghost
  1867 | D:4      | Reached skill level 3 in Summonings
  1912 | D:4      | Noticed Natasha
  1916 | D:4      | Killed Natasha
  2106 | D:6      | Found a runed translucent door.
  2106 | D:6      | Identified the +8 hammer of the Candle {heavy, rPois rCorr
                  | Int-2 Dex+7}
  2109 | D:6      | Noticed Crazy Yiuf
  2114 | D:6      | Killed Crazy Yiuf
  2187 | D:7      | Found a staircase to the Ecumenical Temple.
  2192 | Temple   | Entered the Ecumenical Temple
  2217 | Temple   | Became a worshipper of Cheibriados the Contemplative
  2289 | D:8      | Reached skill level 4 in Summonings
  2298 | D:8      | Reached skill level 5 in Summonings
  2319 | D:8      | Paralysed by a hornet for 3 turns
  2323 | D:8      | Reached skill level 5 in Spellcasting
  2410 | D:8      | Found a glowing golden altar of the Shining One.
  2453 | D:8      | Reached skill level 6 in Summonings
  2464 | D:8      | Reached skill level 7 in Summonings
  2500 | D:9      | Reached skill level 8 in Summonings
  2500 | D:9      | Reached XP level 11. HP: 74/74 MP: 7/19
  2524 | D:9      | Reached * piety under Cheibriados
  2576 | D:9      | Found an ornate altar of the Wu Jian Council.
  2582 | D:10     | Entered Level 10 of the Dungeon
  2599 | D:9      | Reached skill level 9 in Summonings
  2630 | D:9      | Noticed a cyan ugly thing
  2637 | D:9      | Killed a cyan ugly thing
  2646 | D:9      | Noticed a two-headed ogre
  2650 | D:9      | Killed a two-headed ogre
  2651 | D:9      | Reached skill level 10 in Summonings
  2731 | D:10     | Reached skill level 11 in Summonings
  2772 | D:11     | Reached ** piety under Cheibriados
  2777 | D:11     | Reached skill level 12 in Summonings
  2843 | D:11     | Noticed a brown ugly thing
  2844 | D:11     | Noticed a nameless horror
  2877 | D:10     | Noticed a nameless horror
  2882 | D:10     | Killed a nameless horror
  2923 | D:10     | Noticed a two-headed ogre
  2928 | D:10     | Reached skill level 13 in Summonings
  2935 | D:10     | Slain by a two-headed ogre

Illustrated notes

Levels and vault maps discovered:
D:1:      minmay_arrival_three_doors, layout_loops_ring, amethyst_killhole
D:2:      layout_loops_cross, serial_shops, shop
D:3:      layout_loops_ring, amcnicky_mini_rare_corridor_liquid
D:4:      layout_rooms, cheibrodos_sewer_entry_bend, gammafunk_ghost_arena,
          uniq_natasha
D:5:      layout_basic, nicolae_shop_clearance
D:6:      layout_loops_ring, bh_walls_and_bars, uniq_crazy_yiuf_cottage
D:7:      layout_rooms, nicolae_overflow_squiral, temple_doors_e
D:8:      layout_cave_pools, nicolae_sif_muna_condensation,
          mainiacjoe_overflow_brackets
D:9:      layout_irregular_city, nzn_wu_jian_contemplation, david_lair_shrubbed,
          nicolae_eternal_life
D:10:     layout_loops_ring, zin_statuary, david_orc_2,
          grunt_decor_mini_mirrors, st_stairs_3, corexii_leaking_fountain,
          minmay_misc_feat_roman, unseen_surprise_small
D:11:     layout_roguey, serial_glass, glass_columns_b, glass_columns_a,
          minivault_5, minivault_7, uniq_psyche
Temple:   regret_index_temple_sphere_string

Skill      XL: |  1  2  3  4  5  6  7  8  9 10 11 |
---------------+----------------------------------+-----
Spellcasting   | 3 5 |  5.0
Earth Magic    | 4 5 6 8 9 |  9.9
Conjurations   | 1 2 5 7 9 11 12 | 12.1
Summonings     | 8 13 | 13.0
Dodging        | |  2.4
Stealth        | |  1.4
Transmutations | |  1.2

Action                     |  1- 3 |  4- 6 |  7- 9 | 10-12 || total
---------------------------+-------+-------+-------+-------++-------
  Melee: Unarmed           |     1 |       |       |       ||     1
         Mace              |       |       |       |    39 ||    39
   Fire: Sling             |     1 |     2 |       |       ||     3
   Cast: Sandblast         |    27 |    39 |    48 |    30 ||   144
         Stone Arrow       |       |     8 |    39 |    73 ||   120
         Passwall          |       |       |     8 |    11 ||    19
         Summon Hydra      |       |       |       |     3 ||     3
  Evoke: Wand              |       |     2 |     5 |    16 ||    23
    Use: Scroll            |     4 |     1 |     3 |     6 ||    14
         Potion            |       |       |       |     1 ||     1
 Armour: Robe              |     2 |     6 |     5 |     9 ||    22
         Skin              |       |       |       |    25 ||    25
         Troll leather arm |       |       |       |    11 ||    11
  Dodge: Dodged            |     2 |     7 |    25 |    34 ||    68
